 Dungeon Crawl Stone Soup version 0.30-b1-2-g02819fbbbe (webtiles) character file.

Game seed: 13264363792120407645

596130 rikstar the Conqueror (level 26, -48/266 HPs)
             Began as a Minotaur Berserker on May 2, 2023.
             Was the Champion of Trog.
             Killed from afar by an orb of fire (53 damage)
             ... with a fireball
             ... on level 5 of the Realm of Zot on May 5, 2023.
             The game lasted 03:44:18 (65213 turns).

rikstar the Conqueror (Minotaur Berserker)         Turns: 65213, Time: 03:44:19

Health: -48/266    AC: 42    Str: 28    XL:     26   Next: 35%
Magic:  22/22      EV: 19    Int:  5    God:    Trog [******]
Gold:   6161       SH: 38    Dex: 21    Spells: 25/25 levels left

rFire   . . .        x - +16 consecrated labrys {holy, Valiant Fragile Fly SInv}
rCold   + + .        F - +8 tower shield {rC+}
rNeg    + + .        e - +5 crystal plate armour
rPois   +            A - +3 crown of Dyrovepreva {rElec Int+2 SInv}
rElec   +            T - +2 cloak {rCorr}
rCorr   +            R - +2 pair of gloves {Dex+3}
SInv    +            I - +0 pair of boots "Hossusec" {Regen+ Int-5 Dex+3 Slay+4}
Will    +++..        S - amulet of reflection Stlth
                     M - ring "Bypaq" {+Blink Fly rPois rF+ rN++}
HPRegen 1.44/turn    v - ring "Fiwyvvon" {rPois rC+ Will++ Int+3}
MPRegen 0.18/turn

%: reflection
@: flying, studying Dodging
A: horns 2, retaliatory headbutt, agile 1, deformed body, dopey 1, heat
vulnerability 1, subdued magic 1
}: 3/15 runes: decaying, silver, gossamer
a: Renounce Religion, Evoke Blink, Berserk, Trog's Hand, Brothers in Arms


You were on level 5 of the Realm of Zot.
You worshipped Trog.
Trog was exalted by your worship.
You visited 10 branches of the dungeon, and saw 48 of its levels.
You visited 1 bazaar.
You also visited: Bailey, Ice Cave and Volcano.

You collected 10258 gold pieces.
You spent 4097 gold pieces at shops.

Inventory:

Hand Weapons
 b - the +16 obsidian axe {drain, demonic, Mesm Drain Fly SInv}
   (You took it off a deep elf annihilator on level 3 of the Elven Halls)

   Mesm:      Its wielder is mesmerised by any visible foes, and it cannot be
   unequipped while any foes are visible.
   SInv:      It lets you see invisible.
   Fly:       It grants you flight.
   Drain:     It drains your maximum health when unequipped.
 f - the +8 whip "Snakebite" {venom, curare, rPois}
   (You found it on level 3 of the Elven Halls)

   rPois:     It protects you from poison.
 x - the +16 consecrated labrys (weapon) {holy, Valiant Fragile Fly SInv}
   (You acquired it on level 4 of the Spider Nest)

   Valiant:   It becomes more powerful as more dangerous foes come into view.
   SInv:      It lets you see invisible.
   Fly:       It grants you flight.
   Fragile:   It will be destroyed if unequipped.
 E - the +8 trishula "Condemnation" {holy, anguish, *Noise Fly rN+}
   (You took it off a deep elf demonologist on level 3 of the Elven Halls)

   rN:        It protects you from negative energy.
   Fly:       It grants you flight.
   *Noise:    It may make noises in combat.
Missiles
 q - 34 boomerangs (quivered)
 G - a throwing net
 V - 13 javelins
Armour
 e - a +5 crystal plate armour (worn)
 A - the +3 crown of Dyrovepreva (worn) {rElec Int+2 SInv}
   (You found it on level 4 of the Spider Nest)

   Int:       It affects your intelligence (+2).
   rElec:     It insulates you from electricity.
   SInv:      It lets you see invisible.
 F - a +8 tower shield of cold resistance (worn)
 I - the +0 pair of boots "Hossusec" (worn) {Regen+ Int-5 Dex+3 Slay+4}
   (You bought it in a shop on level 1 of the Dungeon)

   Int:       It affects your intelligence (-5).
   Dex:       It affects your dexterity (+3).
   Slay:      It affects your accuracy & damage with ranged weapons and melee
   (+4).
   Regen:     It increases your rate of health regeneration.
 N - a scarf of repulsion
 R - a +2 pair of gloves of dexterity (worn)
 T - a +2 cloak of preservation (worn)
Jewellery
 h - the ring "Piohairgh" {rF+ rC+ rN+}
   (You took it off a vault warden on level 5 of the Vaults)

   [ring of protection from fire]

   rF:        It protects you from fire.
   rC:        It protects you from cold.
   rN:        It protects you from negative energy.
 v - the ring "Fiwyvvon" (right hand) {rPois rC+ Will++ Int+3}
   (You found it on level 1 of the Vaults)

   [ring of poison resistance]

   Int:       It affects your intelligence (+3).
   rC:        It protects you from cold.
   rPois:     It protects you from poison.
   Will:      It greatly increases your willpower.
 M - the ring "Bypaq" (left hand) {+Blink Fly rPois rF+ rN++}
   (You found it on level 1 of the Depths)

   [ring of poison resistance]

   rF:        It protects you from fire.
   rPois:     It protects you from poison.
   rN:        It greatly protects you from negative energy.
   Fly:       It grants you flight.
   +Blink:    It lets you blink.
 S - an amulet of reflection (around neck)
 W - the ring "Atyasid" {rElec rPois Str+6 SInv Stlth-}
   (You bought it in a shop on level 2 of the Orcish Mines)

   [ring of see invisible]

   Str:       It affects your strength (+6).
   rElec:     It insulates you from electricity.
   rPois:     It protects you from poison.
   SInv:      It lets you see invisible.
   Stlth:     It makes you less stealthy.
 X - the ring "Kygesarhul" {rPois rF+ Dex+6 Slay+3}
   (You found it on level 4 of the Depths)

   [ring of dexterity]

   Dex:       It affects your dexterity (+6).
   Slay:      It affects your accuracy & damage with ranged weapons and melee
   (+3).
   rF:        It protects you from fire.
   rPois:     It protects you from poison.
Wands
 a - a wand of roots (82)
 c - a wand of charming (43)
 z - a wand of flame (111)
 H - a wand of mindburst (67)
 J - a wand of digging (22)
 O - a wand of polymorph (10)
 Z - a wand of acid (21)
Scrolls
 g - 10 scrolls of fog
 s - 14 scrolls of enchant weapon
 w - 9 scrolls of poison
 y - 5 scrolls of brand weapon
 B - 10 scrolls of blinking
 C - 18 scrolls of teleportation
 K - 6 scrolls of fear
 P - 6 scrolls of magic mapping
 Y - a scroll of summoning
Potions
 d - 6 potions of flight
 i - 22 potions of curing
 j - 12 potions of heal wounds
 l - 7 potions of cancellation
 m - 12 potions of haste
 n - 5 potions of invisibility
 o - 14 potions of lignification
 p - 6 potions of mutation
 r - 10 potions of attraction
 t - 5 potions of resistance
 u - 6 potions of ambrosia
 L - 2 potions of berserk rage
 Q - 7 potions of might
Miscellaneous
 D - a lightning rod (4/4)
 U - a phantom mirror


   Skills:
 O Level 27 Fighting
 O Level 27 Axes
 - Level 15.0 Throwing
 O Level 27 Armour
 - Level 20.0 Dodging
 - Level 0.1 Stealth
 + Level 23.8 Shields


You had 25 spell levels left.
You didn't know any spells.
Your spell library contained the following spells:

 Spells                   Type           Power      Damage    Failure   Level
 Beastly Appendage        Tmut           0%         N/A       98%         1
 Wereblood                Tmut           0%         N/A       99%         2
 Blade Hands              Tmut           0%         N/A       100%        5
 Irradiate                Conj/Tmut      0%         3d11      100%        5
 Statue Form              Tmut/Erth      0%         N/A       100%        6


Dungeon Overview and Level Annotations

Branches:
Dungeon (15/15)            Temple (1/1) D:6            Lair (5/5) D:10
  Swamp (4/4) Lair:2       Spider (4/4) Lair:2        Slime (0/5) Lair:5
    Orc (2/2) D:9             Elf (3/3) Orc:2        Vaults (5/5) D:14
  Crypt (0/3) Vaults:2     Depths (4/4) D:15            Zot (5/5) Depths:4
 Bailey (visited)           IceCv (visited)         Volcano (visited)

Altars:
Ashenzari
Cheibriados
Dithmenos
Elyvilon
Fedhas
Gozag
Hepliaklqana
Kikubaaqudgha
Makhleb
Nemelex Xobeh
Okawaru
Qazlal
Ru
Sif Muna
Trog
Uskayaw
Vehumet
Wu Jian
Xom
Yredelemnul
Zin
The Shining One
Lugonu

Shops:
D:1 [   D:2 (   D:7 ?   D:10 :   Orc:2 *=(:   Elf:3 (   Vaults:1 (   Vaults:2 (
Vaults:5 =   Depths:1 *   Depths:3 ?

Portals:
Hell: Depths:1 Depths:2 Depths:3 Depths:4
Abyss: Elf:1 Depths:3
Pandemonium: Depths:2
Ziggurat: Depths:3

Annotations:
Depths:3 1 transporter


Innate Abilities, Weirdness & Mutations

You have a pair of horns on your head.
You reflexively headbutt those who attack you in melee.
You are agile. (Dex +4, Str/Int -1)
Armour fits poorly on your strangely shaped body.
You are dopey. (Int -2)
You are vulnerable to heat. (rF-)
Your spells are a little easier to cast, but a little less powerful.


Message History

The orb of fire is almost destroyed.
You closely miss the orb of fire. Your headbutt misses the orb of fire.
The orb of fire is almost destroyed.
You slash the orb of fire!
The orb of fire glows bright magenta.
The bolt of fire hits the orb of fire.
The orb of fire completely resists.
The bolt of fire hits you!!!
* * * LOW HITPOINT WARNING * * *
Things that are here:
a +2 long sword of electrocution; a white draconian corpse The orb of fire glows bright magenta.
Strange energies course through your body.
Your connection to magic feels subdued.
Items here: )) [ ††.
You closely miss the orb of fire.
You headbutt the orb of fire, but do no damage.
The orb of fire is lightly damaged.
You hit the orb of fire but do no damage.
You headbutt the orb of fire, but do no damage.
The orb of fire is lightly damaged.
The orb of fire glows red.
The bolt of fire hits the orb of fire.
The orb of fire completely resists.
The bolt of fire misses you.
Blink to where?
Press: ? - help, Dir - move target
As you read the scroll of blinking, it crumbles to dust.
The orb of fire glows yellow.
The bolt of fire hits the orb of fire.
The orb of fire completely resists.
The bolt of fire hits you.
The orb of fire glows yellow.
The fireball explodes!
The fireball engulfs you!!
* * * LOW HITPOINT WARNING * * *
There is a stone staircase leading up here.
The orb of fire glows bright magenta.
The bolt of fire hits the orb of fire.
The orb of fire completely resists.
The bolt of fire hits you!!!
* * * LOW HITPOINT WARNING * * *
The orb of fire glows red.
The fireball explodes!
The fireball engulfs you!!!
You die...

# #......#
##.....##............ #
#......###.......##...........
#
#......##.†#####..#...........
#
#......##.##...##.##..........
#
#......#...........#..........
#
########..#.....#..##........⌠
#
##.8.##..##.8.8.##..#######...
# #.)..)#..#.......#..####
#... #
#8)<[))..#...@^..#..'..# #...
#
#.....#..#..*....#..##.####...
#
##.8.##..##.8.8.##..#.........
#
########..#.....#..##.........
# #....#
#..*........#.......... #
#....# ##.##...##.##.⌠........
# #....#
#..#####..#########... #
#....# ##.......## #... #
#.⌠..# ##.*...## #...


You could see 2 orbs of fire.

Vanquished Creatures
  4 dread liches
  2 orbs of fire
  2 ancient liches (Depths:4)
  Mara (Elf:3)
  A juggernaut (Depths:2)
  Vv (Zot:2)
  Bai Suzhen (Depths:1)
  The ghost of lmSkywalker the Warrior, an adept DrTm of Okawaru (Depths:4)
  Parghit (Zot:1)
  Margery (Depths:1)
  2 curse toes
  the Lernaean hydra (Swamp:4)
  A caustic shrike (Depths:2)
  16 golden dragons
  Nikola (Vaults:2)
  A bone dragon (Vaults:2)
  A profane servitor (Elf:1)
  Arachne (Spider:2)
  4 electric golems
  9 Orb Guardians (Zot:5)
  5 liches
  Jorgrun (Swamp:3)
  The ghost of suomimenusko the Severer, an adept NaFi of Cheibriados (Swamp:3)
  4 titans
  6 quicksilver dragons
  22 tentacled monstrosities
  5 deep elf blademasters
  A walking frostbound tome (Depths:2)
  6 deep elf master archers (Elf:3)
  A tentacled starspawn (Depths:3)
  A thorn hunter (Swamp:4)
  7 sphinxes
  The ghost of frimble the Victor of a Thousand Battles, an adept DsGl of Okawaru (Depths:4)
  14 death cobs
  Agnes (D:14)
  9 tengu reavers
  Kirke (Lair:4)
  7 shadow dragons
  18 storm dragons
  5 draconian monks
  Roxanne (Spider:1)
  6 fire giants
  7 deep elf sorcerers
  Louise (Swamp:4)
  11 frost giants
  9 draconian knights
  A daeva (Elf:1)
  10 draconian scorchers
  3 spectral caustic shrikes (Depths:4)
  2 ghost moths
  An iron dragon (Vaults:5)
  9 emperor scorpions
  19 vault wardens
  3 deep elf elementalists
  7 draconian shifters
  19 ironbound preservers
  3 war gargoyles
  4 orc warlords
  7 draconian stormcallers
  A cacodemon (Zot:5)
  A broodmother (Spider:4)
  7 draconian annihilators
  5 eleionomae
  10 stone giants
  17 green draconians
  14 very ugly things
  The ghost of kwasso the Thaumaturge, a journeyman DjEE of Hepliaklqana (Elf:1)
  2 vampire knights
  11 dire elephants
  7 ironbound thunderhulks
  6 deep elf demonologists
  4 spark wasps
  8 purple draconians
  14 white draconians
  7 deep elf annihilators
  13 black draconians
  15 yellow draconians
  Azrael (Elf:2)
  A spark wasp (shapeshifter) (Elf:1)
  15 red draconians
  3 bunyips
  The ghost of MisterFreud the Grappler, a journeyman DrTm of Yredelemnul (Lair:3)
  12 ettins
  2 deep elf death magi (Elf:3)
  A crystal guardian (Elf:1)
  A merfolk impaler (Depths:1)
  2 jiangshi (Depths:1)
  An entropy weaver (shapeshifter) (D:14)
  6 entropy weavers
  5 deep elf high priests
  6 fire dragons
  11 yaktaur captains
  5 ice dragons
  12 great orbs of eyes
  An ogre mage (D:15)
  4 peacekeepers
  A rakshasa (D:15)
  40 vault guards
  4 ironbound frosthearts
  12 boulder beetles
  2 ghost crabs
  27 hydras
  2 catoblepae
  3 radroaches
  15 centaur warriors
  29 dancing weapons
  A radroach (shapeshifter) (D:15)
  3 deep troll shamans
  4 alligators
  A death scarab (Spider:3)
  3 vampire magi
  6 two-headed ogres
  9 death yaks
  3 spriggan berserkers
  2 tengu warriors
  7 deep troll earth magi
  2 thrashing horrors
  10 hell knights
  22 deep elf knights
  5 orc high priests (Orc:2)
  Amaemon (Lair:2)
  An iron troll (Depths:2)
  The ghost of Qawul the Geomancer, a novice DEEE of Vehumet (D:9)
  3 skysharks
  6 pharaoh ants
  A shadow wraith (Vaults:5)
  A flayed ghost (Depths:2)
  10 swamp dragons
  A spectral hydra (Lair:3)
  A storm dragon skeleton (Depths:1)
  8 orb spiders
  2 spriggan druids
  A salamander mystic (Volcano)
  4 goliath frogs
  8 bog bodies
  An orange crystal statue (IceCv)
  2 sun moths
  51 deep trolls
  3 glowing orange brains
  4 wizards
  20 deep elf archers
  20 orc knights
  7 phantasmal warriors
  31 deep elf zephyrmancers
  4 steelbarb worms
  A sphinx zombie (Vaults:3)
  5 necromancers
  30 deep elf pyromancers
  30 ugly things
  3 orc sorcerers
  20 lindwurms
  13 wolf spiders
  22 ironbound convokers
  5 will-o-the-wisps
  A fire giant zombie (Vaults:3)
  A frost giant zombie (Depths:1)
  11 cyclopes
  4 manticores
  A stone giant zombie (Depths:1)
  3 salamanders (Volcano)
  A moth of wrath (shapeshifter) (Vaults:5)
  14 elephants
  4 demonic crawlers
  An ice statue (Spider:2)
  41 moths of wrath
  17 vault sentinels
  An orange demon (Lair:2)
  10 torpor snails
  A fire giant skeleton (Depths:1)
  7 black mambas
  A naga mage (Vaults:1)
  Maurice (D:11)
  3 molten gargoyles (Volcano)
  A yaktaur zombie (Vaults:3)
  3 gargoyles
  6 kobold demonologists
  7 cane toads
  A hellion (Elf:1)
  4 unseen horrors
  2 freezing wraiths (IceCv)
  2 rime drakes
  10 komodo dragons
  An anaconda simulacrum (IceCv)
  A komodo dragon (shapeshifter) (D:15)
  33 yaktaurs
  3 efreet
  6 tengu conjurers
  3 trolls
  A bloated husk (Swamp:3)
  A polar bear (shapeshifter) (D:14)
  11 tyrant leeches
  13 hornets
  A raiju (shapeshifter) (D:15)
  7 polar bears
  Prince Ribbit (D:6)
  29 tarantellas
  16 blink frogs
  14 dream sheep
  A spectral dream sheep (Lair:3)
  24 jumping spiders
  A stone giant simulacrum (Vaults:1)
  A dream sheep (shapeshifter) (Vaults:5)
  48 slime creatures
  A centaur simulacrum (D:15)
  18 culicivoras
  A large abomination (Depths:3)
  Sigmund (D:5)
  6 spriggans
  A culicivora (shapeshifter) (Vaults:3)
  4 air elementals
  5 shadows
  31 yaks
  2 wraiths
  5 wyverns
  5 fire elementals
  3 water elementals (Depths:1)
  An elf simulacrum (Vaults:3)
  7 hogs (Lair:4)
  3 basilisks
  5 steam dragons
  31 vampire mosquitoes
  A human simulacrum (Vaults:3)
  Menkaure (D:4)
  A catoblepas simulacrum (Lair:3)
  2 wargs
  A harpy simulacrum (IceCv)
  66 redbacks
  4 acid dragons
  16 swamp worms
  A floating eye (shapeshifter) (Depths:4)
  3 hell hounds (Elf:2)
  15 water moccasins
  A boulder beetle simulacrum (Lair:3)
  7 swamp drakes (Swamp:4)
  43 orc warriors
  A black bear (shapeshifter) (Elf:2)
  A black bear (D:7)
  6 sky beasts
  3 alligator simulacra (IceCv)
  3 ice beasts
  8 ogres
  11 wolves
  A centaur (shapeshifter) (Depths:4)
  A phantom (D:6)
  9 centaurs
  7 kobold brigands
  An earth elemental (Elf:3)
  A gnoll sergeant (D:9)
  11 bullfrogs
  A necrophage (D:6)
  5 scorpions
  7 wights
  A dream sheep simulacrum (Lair:3)
  4 killer bees
  5 electric eels
  3 howler monkeys
  32 orc priests
  6 hounds
  2 komodo dragon simulacra (Lair:3)
  4 jellies
  5 starcursed masses (Depths:3)
  2 sleepcaps
  Jessica (D:3)
  2 iguanas (D:5)
  15 orc wizards
  A hound skeleton (D:6)
  16 gnolls
  10 adders
  A shadow imp (D:7)
  A white imp (Vaults:1)
  2 ufetubi
  2 dart slugs
  79 orcs
  3 endoplasms
  3 giant cockroaches
  10 goblins
  11 hobgoblins
  2 jackals (D:1)
  12 kobolds
  A quokka (D:2)
  4 ball pythons
  5 bats
  9 frilled lizards
  4 rats
  4 briar patches (Swamp:4)
  2 starspawn tentacles (Depths:3)
2066 creatures vanquished.

Vanquished Creatures (collateral kills)
  The ghost of jlumianski the Warrior, a veteran KoBe of Trog (Vaults:1)
  A deep elf sorcerer (Elf:3)
  A very ugly thing (IceCv)
  An ettin (Vaults:5)
  A yaktaur captain (Vaults:4)
  A dancing weapon (Vaults:1)
  A shock serpent (shapeshifter) (Vaults:5)
  An anaconda simulacrum (IceCv)
  2 ettin simulacra (IceCv)
10 creatures vanquished.

Vanquished Creatures (others)
  A draconian knight (Zot:4)
  A draconian annihilator (Zot:5)
  An eleionoma (Swamp:4)
  A deep elf knight (Elf:2)
  A deep elf pyromancer (Elf:3)
  4 deep elf zephyrmancers (Elf:3)
  A molten gargoyle (Volcano)
  2 bloated husks
  A wyvern (Lair:4)
  An orc (D:8)
  2 bushes (Lair:5)
  26 foxfires
  33 fungi
  A lurking horror (Depths:3)
  78 plants
  10 starspawn tentacles (Depths:3)
164 creatures vanquished.

Grand Total: 2240 creatures vanquished

Notes
Turn   | Place    | Note
-------+----------+-------------------------------------------
     0 | D:1      | rikstar the Minotaur Berserker began the quest for the Orb.
     0 | D:1      | Reached XP level 1. HP: 19/19 MP: 0/0
     9 | D:1      | Found Plog's Antique Armour Shop.
   263 | D:1      | Reached XP level 2. HP: 26/26 MP: 1/1
   948 | D:2      | Reached skill level 5 in Axes
   948 | D:2      | Reached XP level 3. HP: 31/31 MP: 2/2
  1004 | D:2      | Identified the +1 hand axe "Yfuuver" {heavy, rF+ SInv}
  1029 | D:2      | Found a transporter.
  1033 | D:2      | Found Jissylik's Weapon Boutique.
  1174 | D:2      | Reached XP level 4. HP: 39/39 MP: 3/3
  1176 | D:2      | Reached ** piety under Trog
  1346 | D:2      | Found a transporter.
  1876 | D:3      | Reached XP level 5. HP: 45/45 MP: 4/4
  1915 | D:3      | Identified the +6 chain mail of the Realm of Zot {rElec
                  | rPois}
  2038 | D:3      | Noticed Jessica
  2040 | D:3      | Killed Jessica
  2754 | D:4      | Noticed Menkaure
  2761 | D:4      | Killed Menkaure
  2762 | D:4      | Reached XP level 6. HP: 50/51 MP: 2/5
  3284 | D:4      | Reached XP level 7. HP: 57/57 MP: 4/6
  3446 | D:5      | Entered Level 5 of the Dungeon
  3461 | D:5      | Reached skill level 10 in Axes
  3972 | D:5      | Found a glowing silver altar of Zin.
  4054 | D:5      | Noticed Sigmund
  4066 | D:5      | Killed Sigmund
  4067 | D:5      | Reached XP level 8. HP: 64/64 MP: 5/7
  4419 | D:5      | Found a bloodstained altar of Trog.
  4704 | D:6      | Found a burning altar of Makhleb.
  4933 | D:6      | Noticed Prince Ribbit
  4936 | D:6      | Killed Prince Ribbit
  4987 | D:6      | Found a staircase to the Ecumenical Temple.
  5011 | D:6      | Reached *** piety under Trog
  5021 | D:6      | Reached XP level 9. HP: 64/70 MP: 6/8
  5036 | Temple   | Entered the Ecumenical Temple
  5926 | D:7      | Reached skill level 15 in Axes
  6000 | D:7      | Found a shimmering blue altar of Sif Muna.
  6112 | D:7      | Found a flagged portal.
  6127 | Bailey   | Entered a bailey
  6357 | Bailey   | Found an iron altar of Okawaru.
  6357 | Bailey   | Noticed a kobold demonologist
  6357 | Bailey   | Noticed an orc sorcerer
  6362 | Bailey   | Noticed an orange demon
  6364 | Bailey   | Noticed an ice devil
  6365 | Bailey   | Killed a kobold demonologist
  6371 | Bailey   | Killed an orc sorcerer
  6372 | Bailey   | Reached XP level 10. HP: 66/77 MP: 9/9
  6525 | Bailey   | Identified the +2 pair of gloves of Gehenna {rPois Int-4
                  | Slay-6 SInv}
  6644 | Bailey   | Reached **** piety under Trog
  7094 | D:1      | Bought a runed tower shield for 217 gold pieces
  7752 | D:7      | Noticed a boulder beetle
  7758 | D:7      | Killed a boulder beetle
  7836 | D:7      | Found Nixtonnu's Magic Scroll Shop.
  8195 | D:7      | Identified the +0 leather armour "Ipnimouk" {Dex+5}
  8419 | D:8      | Found a transporter.
  8420 | D:8      | Found a transporter.
  8435 | D:8      | Found a transporter.
  8438 | D:8      | Noticed a four-headed hydra
  8441 | D:8      | Noticed a two-headed ogre
  8446 | D:8      | Noticed a two-headed ogre
  8712 | D:8      | Found a transporter.
  8730 | D:8      | Found a transporter.
  9100 | D:8      | Found an ornate altar of the Wu Jian Council.
  9416 | D:1      | Bought a pair of steaming boots for 275 gold pieces
  9416 | D:1      | Identified the +0 pair of boots "Hossusec" {Regen+ Int-5
                  | Dex+3 Slay+4} (You bought it in a shop on level 1 of the
                  | Dungeon)
  9692 | D:8      | Reached XP level 11. HP: 59/82 MP: 5/10
  9694 | D:8      | Killed a two-headed ogre
 10372 | D:9      | Found a transporter.
 10377 | D:9      | Noticed Qawul's ghost (novice DEEE)
 10415 | D:9      | Found a transporter.
 10479 | D:9      | Reached skill level 5 in Fighting
 10479 | D:9      | Noticed a centaur warrior
 10480 | D:9      | Noticed a centaur warrior
 10483 | D:9      | Noticed a centaur warrior
 10486 | D:9      | Killed a centaur warrior
 10492 | D:9      | Killed a centaur warrior
 10496 | D:9      | Killed a centaur warrior
 10937 | D:9      | Found a staircase to the Orcish Mines.
 11044 | D:9      | Reached skill level 10 in Fighting
 11050 | D:9      | Killed Qawul's ghost
 11215 | D:10     | Entered Level 10 of the Dungeon
 11215 | D:10     | Found Utzab's Book Shoppe.
 11445 | D:10     | Found a staircase to the Lair.
 12079 | D:8      | Killed a four-headed hydra
 12080 | D:8      | Reached XP level 12. HP: 104/112 MP: 8/11
 12094 | D:8      | Killed a two-headed ogre
 12095 | D:8      | Reached skill level 5 in Armour
 12303 | D:8      | Identified the +2 plate armour of Yxoagou {Str+3 Dex+3}
 12541 | D:1      | Bought a pair of runed boots for 217 gold pieces
 13093 | D:11     | Noticed a centaur warrior
 13099 | D:11     | Killed a centaur warrior
 13165 | D:11     | Noticed a boulder beetle
 13439 | D:11     | Noticed a boulder beetle
 13456 | D:11     | Killed a boulder beetle
 13519 | D:11     | Noticed a two-headed ogre
 13525 | D:11     | Killed a two-headed ogre
 13684 | D:11     | Noticed Maurice
 13704 | D:11     | Killed Maurice
 13739 | D:11     | Killed a boulder beetle
 13740 | D:11     | Reached skill level 10 in Armour
 14595 | Lair:1   | Entered Level 1 of the Lair of Beasts
 14679 | Lair:1   | Identified the +2 leather armour of Ashenzari's Envy {Str+5
                  | Int-5 SInv}
 14692 | Lair:1   | Reached skill level 5 in Dodging
 15177 | Lair:1   | Reached XP level 13. HP: 118/118 MP: 12/12
 16045 | Lair:2   | Noticed Amaemon
 16060 | Lair:2   | Killed Amaemon
 16309 | Lair:2   | Reached ***** piety under Trog
 16396 | Lair:2   | Found a staircase to the Swamp.
 16456 | Lair:2   | Reached skill level 10 in Dodging
 16456 | Lair:2   | Reached skill level 1 in Shields
 16579 | Lair:2   | Found a hole to the Spider Nest.
 17408 | Lair:3   | Reached skill level 5 in Shields
 17430 | Lair:3   | Found a shimmering altar of Xom.
 17864 | Lair:3   | Found a runed translucent gate.
 17864 | Lair:3   | Found a runed translucent gate.
 17864 | Lair:3   | Found a runed translucent gate.
 17866 | Lair:3   | Noticed MisterFreud's ghost (journeyman DrTm)
 18467 | Lair:3   | Reached skill level 10 in Shields
 18840 | Lair:4   | Reached XP level 14. HP: 109/129 MP: 10/13
 18891 | Lair:4   | Found a dark tunnel.
 18900 | Lair:4   | Noticed Kirke
 18923 | Lair:4   | Killed Kirke
 19060 | Volcano  | Entered a volcano
 19323 | Volcano  | Noticed an orb of fire
 19398 | Volcano  | Reached skill level 15 in Fighting
 19630 | Volcano  | Noticed an orb of fire
 19718 | Lair:4   | Identified the +0 pair of boots of Fasem {Rampage rElec
                  | rPois rN+}
 20497 | Orc:1    | Entered Level 1 of the Orcish Mines
 20531 | Orc:1    | Reached ****** piety under Trog
 20946 | Orc:1    | You fall into a shaft and drop 1 floor!
 20946 | Orc:2    | Entered Level 2 of the Orcish Mines
 20952 | Orc:2    | Received a gift from Trog
 21059 | Orc:2    | Found a staircase to the Elven Halls.
 21119 | Orc:2    | Found a flickering gateway to a bazaar.
 21125 | Bazaar   | Entered a bazaar
 21134 | Bazaar   | Found Kaes's Book Shop.
 21140 | Bazaar   | Found Higriadgh's General Store.
 21143 | Bazaar   | Found Cesuoter's General Store.
 21155 | Bazaar   | Found Kacuvvio's Distillery.
 21195 | Bazaar   | Bought a scroll of blinking for 60 gold pieces
 21195 | Bazaar   | Bought a scroll of teleportation for 24 gold pieces
 21195 | Bazaar   | Bought 2 potions of lignification for 48 gold pieces
 21200 | Bazaar   | Bought a potion of cancellation for 112 gold pieces
 21200 | Bazaar   | Bought a scroll of magic mapping for 105 gold pieces
 21200 | Bazaar   | Bought a scroll of magic mapping for 105 gold pieces
 21207 | Bazaar   | Bought a potion of might for 36 gold pieces
 21207 | Bazaar   | Bought a potion of lignification for 27 gold pieces
 21207 | Bazaar   | Bought a potion of heal wounds for 45 gold pieces
 21577 | Orc:1    | Found a shimmering altar of Xom.
 23522 | Orc:2    | Found Cengyota's Jewellery Emporium.
 23522 | Orc:2    | Found Viggar's General Store.
 23523 | Orc:2    | Found Ceepnus's Book Emporium.
 23523 | Orc:2    | Found Kuontoiw's Weapon Shoppe.
 23752 | Lair:5   | Entered Level 5 of the Lair of Beasts
 24143 | Lair:5   | Reached XP level 15. HP: 41/150 MP: 14/14
 24615 | Orc:2    | Bought the ring "Atyasid" {rElec rPois Str+6 SInv Stlth-}
                  | for 621 gold pieces
 24995 | Lair:5   | Found an ancient bone altar of Kikubaaqudgha.
 25165 | Lair:5   | Found a runed translucent door.
 25195 | Lair:5   | Paralysed by a hornet for 2 turns
 25537 | Lair:5   | Received a gift from Trog
 25877 | Lair:5   | Found a staircase to the Slime Pits.
 27427 | D:13     | You fall into a shaft and drop 2 floors!
 27427 | D:15     | Entered Level 15 of the Dungeon
 27933 | D:15     | Received a gift from Trog
 28390 | D:15     | Found a staircase to the Depths.
 28609 | D:14     | Noticed Agnes
 28617 | D:14     | Killed Agnes
 28628 | D:14     | Found a gate to the Vaults.
 29281 | D:14     | Reached XP level 16. HP: 156/162 MP: 15/15
 29887 | Lair:3   | Killed MisterFreud's ghost
 29897 | Lair:3   | Reached skill level 15 in Armour
 29925 | Lair:3   | Identified the +2 morningstar of Reasonable Prudence
                  | {venom, Fly rF+++ Str-2 Dex-3}
 30498 | Spider:1 | Entered Level 1 of the Spider Nest
 31360 | Spider:1 | Received a gift from Trog
 31879 | Spider:1 | Identified Roxanne's Atlas of Transition
 31879 | Spider:1 | Noticed Roxanne
 31904 | Spider:1 | Killed Roxanne
 32311 | Spider:2 | Found a frozen archway.
 32314 | Spider:2 | Noticed Arachne
 32333 | Spider:2 | Killed Arachne
 32376 | IceCv    | Entered an ice cave
 32392 | IceCv    | Found a transporter.
 32445 | IceCv    | Found a transporter.
 32464 | IceCv    | Identified the +8 arbalest of Big Damage {speed, rN+}
 32818 | Spider:2 | Received a gift from Trog
 32842 | Spider:2 | Reached skill level 15 in Shields
 32848 | Spider:2 | Reached skill level 1 in Throwing
 33902 | Spider:3 | Reached skill level 5 in Throwing
 34495 | Spider:3 | Reached XP level 17. HP: 147/170 MP: 5/16
 34536 | Spider:4 | Entered Level 4 of the Spider Nest
 34916 | Spider:4 | Received a gift from Trog
 35617 | Spider:4 | Found the +3 crown of Dyrovepreva {rElec Int+2 SInv}
 35630 | Spider:4 | Reached skill level 10 in Throwing
 35743 | Spider:4 | Got a gossamer rune of Zot
 35878 | Spider:4 | Acquired 1238 gold pieces
 35882 | Spider:4 | Acquired the +4 consecrated labrys {holy, Valiant Fragile
                  | Fly SInv}
 35882 | Spider:4 | Found the +4 consecrated labrys {holy, Valiant Fragile Fly
                  | SInv}
 35902 | Spider:4 | Acquired 409 gold pieces
 36060 | Swamp:1  | Entered Level 1 of the Swamp
 36657 | Swamp:1  | Identified the +1 robe of Decompression {Dex+2}
 37678 | Swamp:2  | Reached XP level 18. HP: 178/178 MP: 17/17
 37681 | Swamp:2  | Acquired 947 gold pieces
 37714 | Swamp:2  | Identified the +7 hand axe "Affivvia" {flame, rN+} (Trog
                  | gifted it to you on level 2 of the Swamp)
 37714 | Swamp:2  | Received a gift from Trog
 38230 | Swamp:3  | Noticed Jorgrun
 38322 | Swamp:3  | Killed Jorgrun
 38407 | Swamp:3  | Found a runed translucent door.
 38408 | Swamp:3  | Noticed suomimenusko's ghost (adept NaFi)
 38848 | Swamp:3  | Killed suomimenusko's ghost
 38870 | Swamp:4  | Entered Level 4 of the Swamp
 38901 | Swamp:4  | Noticed Louise
 38925 | Swamp:4  | Received a gift from Trog
 38930 | Swamp:4  | Killed Louise
 39283 | Swamp:4  | Reached XP level 19. HP: 179/185 MP: 18/18
 39498 | Swamp:4  | Reached skill level 15 in Throwing
 39519 | Swamp:4  | Noticed the 27-headed Lernaean hydra
 39529 | Swamp:4  | Killed the 26-headed Lernaean hydra
 39665 | Swamp:4  | Got a decaying rune of Zot
 39985 | Vaults:1 | Entered Level 1 of the Vaults
 40014 | Vaults:1 | Received a gift from Trog
 40127 | Vaults:1 | Found Kuxui's Weapon Shop.
 40622 | Vaults:1 | Received a gift from Trog
 41137 | Vaults:1 | Found a radiant altar of Vehumet.
 41145 | Vaults:1 | Identified the +0 hat of Insatiable Hunger {Str+2}
 41157 | Vaults:1 | Identified the +1 robe of Miracles {rC+ rN+ Dex+5}
 41300 | Vaults:1 | Identified the +2 hat of Lugonu's Castigation {Harm Rampage
                  | rN+}
 41477 | Vaults:1 | Found a runed translucent door.
 41477 | Vaults:1 | Found a shimmering altar of Xom.
 41477 | Vaults:1 | Found the +9 sword of Zonguldrok {reap}
 41477 | Vaults:1 | Noticed jlumianski's ghost (veteran KoBe)
 41603 | Vaults:1 | Killed jlumianski's ghost
 41639 | Vaults:1 | Identified the ring "Fiwyvvon" {rPois rC+ Will++ Int+3}
 41895 | Vaults:2 | Reached XP level 20. HP: 182/206 MP: 19/19
 42088 | Vaults:2 | Received a gift from Trog
 42276 | Vaults:2 | Noticed Nikola
 42294 | Vaults:2 | Killed Nikola
 42787 | Vaults:2 | Noticed a bone dragon
 42793 | Vaults:2 | Killed a bone dragon
 42801 | Vaults:2 | Found a staircase to the Crypt.
 42908 | Vaults:2 | Identified the +1 plate armour of Jaoklub {rElec}
 43114 | Vaults:2 | Received a gift from Trog
 43253 | Vaults:2 | Found Vaesk's Weapon Boutique.
 44054 | Vaults:3 | Noticed a golden dragon
 44061 | Vaults:3 | Killed a golden dragon
 44155 | Vaults:3 | Reached skill level 27 in Fighting
 44862 | Vaults:4 | Received a gift from Trog
 45124 | Vaults:4 | Reached XP level 21. HP: 216/224 MP: 20/20
 45463 | Vaults:4 | Received a gift from Trog
 45807 | Vaults:4 | Found Bolacu Cueg's General Store.
 46242 | Vaults:5 | Entered Level 5 of the Vaults
 46272 | Vaults:5 | Received a gift from Trog
 46387 | Vaults:5 | Noticed a golden dragon
 46399 | Vaults:5 | Killed a golden dragon
 46561 | Vaults:5 | Noticed a dread lich
 46650 | Vaults:5 | Noticed a golden dragon
 46794 | Vaults:5 | Identified the +5 spear of the Freezing Dove {distort, rN+
                  | Int+3 Dex+2}
 46817 | Vaults:5 | Found Mockal's Jewellery Shop.
 46830 | Vaults:5 | Identified the ring "Piohairgh" {rF+ rC+ rN+}
 46830 | Vaults:5 | Identified the staff of air "Ipawnuen" {rElec Will+ Str-5
                  | Int+7}
 46831 | Vaults:5 | Noticed a dread lich
 46834 | Vaults:5 | Received a gift from Trog
 46843 | Vaults:5 | Reached XP level 22. HP: 226/226 MP: 21/21
 46844 | Vaults:5 | Killed a dread lich
 47151 | Vaults:5 | Identified the ring "Fusel" {rN+ Dex+5}
 47174 | Vaults:5 | Killed a golden dragon
 47175 | Vaults:5 | Reached skill level 15 in Dodging
 47378 | Vaults:5 | Killed a dread lich
 47417 | Vaults:5 | Identified the +4 shortbow "Ontae" {heavy, rElec Str-3
                  | SInv}
 47629 | Vaults:5 | Identified the staff of death "Ywuwatinte" {Drain rC+ rN+
                  | Str+2 Dex+2}
 47633 | Vaults:5 | Got a silver rune of Zot
 48517 | Elf:1    | Entered Level 1 of the Elven Halls
 48541 | Elf:1    | Received a gift from Trog
 48645 | Elf:1    | Noticed kwasso's ghost (journeyman DjEE)
 48676 | Elf:1    | Found a transporter.
 48679 | Elf:1    | Found a one-way gate to the infinite horrors of the Abyss.
 48680 | Elf:1    | Found a transporter.
 49275 | Elf:1    | Killed kwasso's ghost
 49275 | Elf:1    | Received a gift from Trog
 49964 | Elf:2    | Received a gift from Trog
 50015 | Elf:2    | Found a runed translucent gate.
 50016 | Elf:2    | Found a runed translucent gate.
 50016 | Elf:2    | Found a runed translucent gate.
 50255 | Elf:2    | Noticed Azrael
 50261 | Elf:2    | Killed Azrael
 51014 | Elf:3    | Entered Level 3 of the Elven Halls
 51189 | Elf:3    | Noticed Mara
 51190 | Elf:3    | Noticed rikstar's illusion
 51204 | Elf:3    | Killed Mara
 51205 | Elf:3    | Reached XP level 23. HP: 240/240 MP: 22/22
 51243 | Elf:3    | Received a gift from Trog
 51682 | Elf:3    | Identified the +5 sling of Fortitude {flame, rC+ rN+ Int+2}
 51703 | Elf:3    | Found Fiutt's Antique Weapon Boutique.
 52433 | Elf:3    | Received a gift from Trog
 52645 | Elf:3    | Identified the +0 morningstar "Uxketz" {flame, SInv Stlth+}
 53064 | Elf:3    | Identified the +1 battleaxe "Pendulum" {antimagic, Will+
                  | Int+3 Dex-3}
 53392 | Elf:3    | Found the +8 whip "Snakebite" {venom, curare, rPois}
 53406 | Elf:3    | Identified the +0 arbalest "Minotaur's Foe" {penet, rN+
                  | Dex+6}
 53457 | Elf:3    | Identified the +6 spear "Meq Fot" {flame, +Blink rPois rC-
                  | Str+6}
 53458 | Elf:3    | Identified the +6 shortbow of Wu Jian's Generosity {heavy,
                  | rN+ Will+ rCorr}
 53465 | Elf:3    | Identified the +2 scale mail "Riocvac" {rF+ Stlth+}
 53470 | Elf:3    | Identified the +9 spear of Lugayxzo {flame, rF+ rCorr}
 53524 | Elf:3    | Identified the staff of air "Vilec" {rElec Str+2}
 54003 | Depths:1 | Entered Level 1 of the Depths
 54254 | Depths:1 | Received a gift from Trog
 54275 | Depths:1 | Found a glowing silver altar of Zin.
 54459 | Depths:1 | Noticed Margery
 54470 | Depths:1 | Killed Margery
 54563 | Depths:1 | Found a gateway to Hell.
 54572 | Depths:1 | Identified the ring "Bypaq" {+Blink Fly rPois rF+ rN++}
 54706 | Depths:1 | Found a broken altar of Ashenzari.
 54778 | Depths:1 | Noticed Bai Suzhen
 54801 | Depths:1 | Killed Bai Suzhen
 54814 | Depths:1 | Found Eptez's General Store.
 54816 | Depths:1 | Found Ruillib's Specific Store.
 54827 | Depths:1 | Bought a scroll of blinking for 135 gold pieces
 54868 | Depths:1 | Identified the +1 lajatang of Hepliaklqana's Pride {flame,
                  | rElec rF+ Str-5 Int+4}
 55211 | D:7      | Bought a scroll of blinking for 105 gold pieces
 55211 | D:7      | Bought a scroll of fear for 56 gold pieces
 55211 | D:7      | Bought a scroll of enchant weapon for 105 gold pieces
 55211 | D:7      | Bought a scroll of teleportation for 42 gold pieces
 55211 | D:7      | Bought a scroll of teleportation for 42 gold pieces
 55211 | D:7      | Bought a scroll of blinking for 105 gold pieces
 55347 | Orc:2    | Bought a potion of curing for 42 gold pieces
 55456 | D:10     | Bought a manual of Axes for 1120 gold pieces
 56013 | Depths:2 | Found a one-way gate leading to the halls of Pandemonium.
 56245 | Depths:2 | Identified the +2 halberd "Earthworm" {spect, Will+}
 56432 | Depths:2 | Noticed a juggernaut
 56440 | Depths:2 | Killed a juggernaut
 56680 | Depths:2 | You are sucked into a shaft and drop 2 floors!
 56680 | Depths:4 | Entered Level 4 of the Depths
 56696 | Depths:4 | Received a gift from Trog
 56707 | Depths:4 | Reached XP level 24. HP: 180/249 MP: 22/22
 56825 | Depths:3 | Found a one-way gateway to a ziggurat.
 57084 | Depths:2 | Identified the +1 war axe of Ash {freeze, Fragile rCorr
                  | Dex+5}
 57432 | Depths:3 | Found a transporter.
 57433 | Depths:3 | Found a transporter.
 57435 | Depths:3 | Found a corrupted altar of Lugonu.
 57734 | Depths:3 | Found Zakhapt's Magic Scroll Emporium.
 57737 | Depths:3 | Bought a scroll of brand weapon for 123 gold pieces
 57737 | Depths:3 | Bought a scroll of magic mapping for 97 gold pieces
 57737 | Depths:3 | Bought a scroll of enchant weapon for 97 gold pieces
 57737 | Depths:3 | Bought a scroll of magic mapping for 97 gold pieces
 57737 | Depths:3 | Bought a scroll of teleportation for 39 gold pieces
 57807 | Depths:3 | Paralysed by a floating eye for 3 turns
 57811 | Depths:3 | Paralysed by a floating eye for 4 turns
 57820 | Depths:3 | Paralysed by a floating eye for 3 turns
 57826 | Depths:3 | Paralysed by a floating eye for 3 turns
 57834 | Depths:3 | Paralysed by a floating eye for 3 turns
 57856 | Depths:3 | Paralysed by a floating eye for 2 turns
 57864 | Depths:3 | Paralysed by a floating eye for 4 turns
 57871 | Depths:3 | Paralysed by a floating eye for 2 turns
 57894 | Depths:3 | Paralysed by a floating eye for 3 turns
 58015 | Depths:3 | Paralysed by accursed screaming for 1 turns
 58153 | Depths:3 | Paralysed by accursed screaming for 2 turns
 58161 | Depths:3 | Paralysed by accursed screaming for 2 turns
 58785 | Depths:4 | Received a gift from Trog
 58795 | Depths:4 | Found a gate to the Realm of Zot.
 58952 | Depths:4 | Identified the ring "Kygesarhul" {rPois rF+ Dex+6 Slay+3}
 59164 | Depths:4 | Found a runed translucent gate.
 59165 | Depths:4 | Found a runed translucent gate.
 59165 | Depths:4 | Found a runed translucent gate.
 59166 | Depths:4 | Found an ancient bone altar of Kikubaaqudgha.
 59166 | Depths:4 | Noticed lmSkywalker's ghost (adept DrTm)
 59167 | Depths:4 | Noticed an ancient lich
 59167 | Depths:4 | Noticed an ancient lich
 59167 | Depths:4 | Noticed a dread lich
 59167 | Depths:4 | Noticed frimble's ghost (adept DsGl)
 59458 | Depths:4 | Killed a dread lich
 59459 | Depths:4 | Killed an ancient lich
 59460 | Depths:4 | Killed frimble's ghost
 59461 | Depths:4 | Killed an ancient lich
 59475 | Depths:4 | Killed lmSkywalker's ghost
 59500 | Depths:4 | Identified the amulet "Icleusk" {rPois Regen+ rCorr MP+9
                  | Slay-6}
 59519 | Depths:4 | Identified the +0 cloak "Oxitugra" {rN+ Regen+ Str-2 Dex+5}
 59669 | Zot:1    | Entered Level 1 of the Realm of Zot
 60161 | Zot:1    | Noticed Parghit
 60182 | Zot:1    | Killed Parghit
 60183 | Zot:1    | Reached skill level 27 in Axes
 60321 | Zot:1    | Received a gift from Trog
 60664 | Zot:2    | Noticed Vv
 60689 | Zot:2    | Killed Vv
 60767 | Zot:2    | Reached XP level 25. HP: 256/257 MP: 22/22
 62210 | Zot:3    | Noticed an orb of fire
 62223 | Zot:3    | Gained mutation: You have a pair of large horns on your
                  | head. [an orb of fire]
 62226 | Zot:3    | Gained mutation: You have very sharp teeth. [an orb of
                  | fire]
 62227 | Zot:3    | Killed an orb of fire
 62316 | Zot:3    | Lost mutation: You have a pair of large horns on your head.
                  | [potion of mutation]
 62316 | Zot:3    | Lost mutation: You have very sharp teeth. [potion of
                  | mutation]
 62316 | Zot:3    | Gained mutation: You do not regenerate when monsters are
                  | visible. [potion of mutation]
 62316 | Zot:3    | Gained mutation: You are clumsy. (Dex -2) [potion of
                  | mutation]
 62316 | Zot:3    | Gained mutation: You have very sharp teeth. [potion of
                  | mutation]
 62316 | Zot:3    | Gained mutation: Your skin changes colour to match your
                  | surroundings (Stealth+). [potion of mutation]
 62317 | Zot:3    | Lost mutation: You do not regenerate when monsters are
                  | visible. [potion of mutation]
 62317 | Zot:3    | Lost mutation: Your skin changes colour to match your
                  | surroundings (Stealth+). [potion of mutation]
 62317 | Zot:3    | Lost mutation: You are clumsy. (Dex -2) [potion of
                  | mutation]
 62317 | Zot:3    | Gained mutation: Armour fits poorly on your strangely
                  | shaped body. [potion of mutation]
 62317 | Zot:3    | Gained mutation: You are partially covered in iridescent
                  | scales. (AC +2) [potion of mutation]
 62317 | Zot:3    | Gained mutation: Your body sometimes deteriorates upon
                  | taking damage. [potion of mutation]
 62317 | Zot:3    | Gained mutation: Your spells are a little harder to cast,
                  | but a little more powerful. [potion of mutation]
 62318 | Zot:3    | Lost mutation: You have very sharp teeth. [potion of
                  | mutation]
 62318 | Zot:3    | Lost mutation: You are partially covered in iridescent
                  | scales. (AC +2) [potion of mutation]
 62318 | Zot:3    | Lost mutation: Your body sometimes deteriorates upon taking
                  | damage. [potion of mutation]
 62318 | Zot:3    | Gained mutation: You are dopey. (Int -2) [potion of
                  | mutation]
 62318 | Zot:3    | Gained mutation: You are agile. (Dex +4, Str/Int -1)
                  | [potion of mutation]
 62319 | Zot:3    | Lost mutation: Armour fits poorly on your strangely shaped
                  | body. [potion of mutation]
 62319 | Zot:3    | Lost mutation: You are agile. (Dex +4, Str/Int -1) [potion
                  | of mutation]
 62319 | Zot:3    | Gained mutation: You are weak. (Str -2) [potion of
                  | mutation]
 62319 | Zot:3    | Gained mutation: You possess an exceptional clarity of
                  | mind. [potion of mutation]
 62319 | Zot:3    | Lost mutation: You possess an exceptional clarity of mind.
                  | [potion of mutation]
 62325 | Zot:3    | Lost mutation: Your spells are a little harder to cast, but
                  | a little more powerful. [potion of mutation]
 62325 | Zot:3    | Lost mutation: You are dopey. (Int -2) [potion of mutation]
 62325 | Zot:3    | Lost mutation: You are weak. (Str -2) [potion of mutation]
 62325 | Zot:3    | Gained mutation: You are agile. (Dex +4, Str/Int -1)
                  | [potion of mutation]
 62720 | Zot:3    | Received a gift from Trog
 63085 | Zot:3    | Reached skill level 27 in Armour
 64469 | Zot:5    | Entered Level 5 of the Realm of Zot
 64541 | Zot:5    | Reached XP level 26. HP: 266/266 MP: 22/22
 65098 | Zot:5    | Noticed a dread lich
 65106 | Zot:5    | Noticed an orb of fire
 65116 | Zot:5    | Killed a dread lich
 65127 | Zot:5    | Gained mutation: You are vulnerable to heat. (rF-) [an orb
                  | of fire]
 65132 | Zot:5    | Gained mutation: You are dopey. (Int -2) [an orb of fire]
 65135 | Zot:5    | Killed an orb of fire
 65169 | Zot:5    | Received a gift from Trog
 65172 | Zot:5    | Noticed an orb of fire
 65173 | Zot:5    | Noticed an orb of fire
 65174 | Zot:5    | Gained mutation: Armour fits poorly on your strangely
                  | shaped body. [an orb of fire]
 65199 | Zot:5    | Gained mutation: Your spells are a little easier to cast,
                  | but a little less powerful. [an orb of fire]
 65213 | Zot:5    | HP: 5/266 [orb of fire/bolt of fire (56)]
 65213 | Zot:5    | Killed from afar by an orb of fire

Illustrated notes

Levels and vault maps discovered:
D:1:      pf_arrival_petrified_forest, layout_basic, serial_shops,
          nicolae_shop_overgrown_old_shop, roderic_serpentine_path,
          minmay_lizard_pond
D:2:      layout_basic, serial_shops, nicolae_shop_drivethru
D:3:      layout_loops_corners, uniq_jessica
D:4:      layout_loops_cross, uniq_menkaure
D:5:      layout_basic, mainiacjoe_overflow_catch_the_wave, uniq_sigmund
D:6:      layout_loops_corners, makhleb_blood_cavern_becter,
          minmay_temple_entry_statues_fountains, hangedman_decor_lopped,
          minmay_misc_feat_tower, uniq_prince_ribbit1
D:7:      minmay_the_grid_plus_closed [minmay_the_grid_outer_diamond,
          minmay_the_grid_x, minmay_the_grid_minigrid_large,
          minmay_the_grid_outer_circle, minmay_the_grid_prize_inner_circle],
          layout_basic, kennysheep_little_box, serial_shops, shop,
          enter_bailey_4, serial_park_tiny_2
D:8:      gammafunk_the_bubble [the_bubble_gammafunk_roulette], layout_rooms,
          nzn_wu_jian_contemplation, columned_hall_lemuel,
          chequers_serial_rivers_room_a, minmay_liquid_box, minmay_manual_mess
D:9:      minmay_ornate_pinched, layout_cave_pools, orc_0_dummy,
          gammafunk_ghost_berserking_beasts
D:10:     layout_rooms, lair_entry_dummy, serial_shops,
          nicolae_shop_tiny_statue_garden, kennysheep_generic_room_14
D:11:     layout_basic, minmay_fractal_squares_gapless_7, uniq_maurice
D:12:     nicolae_cairo_tiling_large_dashed, layout_basic
D:13:     layout_loops_cross
D:14:     layout_basic, erik_vaults_1, uniq_agnes
D:15:     gammafunk_enter_depths_forms, layout_stronghold,
          minmay_misc_feat_rows, minivault_12
Temple:   bh_familiar_temple
Lair:1:   layout_chaotic_city, cheibrodos_lair_lostbears
Lair:2:   layout_roguey, skrybe_swamp_entry_bodies,
          nicolae_spider_entry_tight_spaces, uniq_amaemon
Lair:3:   layout_small_grid, basic_altar, gammafunk_ghost_necromancy,
          grunt_forest_small_clearing_treed
Lair:4:   layout_roguey, nicolae_volcano_entry_two_sided, beast_lair_carwin_8,
          serial_bayou_shore_b, uniq_kirke
Lair:5:   wormcave, layout_regular_city, slime_entry_1, basic_altar,
          infiniplex_staircase_pool
Swamp:1:  nicolae_swamp_tree_isthmus, layout_falls_marsh,
          nicolae_swamp_dense_foliage, swamp_pool2, nicolae_swamp_triple_paths
Swamp:2:  layout_basic_swamp, evilmike_swamp_ruin_house_3
Swamp:3:  layout_falls_marsh, ebering_ghost_reflecting_pool,
          evilmike_swamp_ruin_house_2, swamp_pool1, uniq_jorgrun
Swamp:4:  swamp_old_school, layout_basic_swamp, uniq_louise
Spider:1: layout_chambers, hangedman_spider_tarantella_strand, uniq_roxanne
Spider:2: layout_spider_delve, portal_ice_cave_entry_ice_statue_one,
          uniq_arachne
Spider:3: layout_spider_delve
Spider:4: grunt_spider_rune_circles, nicolae_spider_twisty_arc_passages
Orc:1:    layout_diamond_mine, basic_altar
Orc:2:    st_orc_pillars, layout_diamond_mine, serial_shops, bzr_entry_safe,
          nicolae_orc_flooded_monolith, minmay_orc_temple_a
Elf:1:    elf_arrival_001, layout_loops_ring, gammafunk_ghost_abyssal_escape,
          minivault_28, feat_on_display
Elf:2:    nicolae_elf_blades_crystal_corner, layout_geoelf_grid, uniq_azrael
Elf:3:    minmay_elf_hall, layout_geoelf_castle, serial_shops, shop, uniq_mara
Vaults:1: ebering_ghost_xom, grunt_tower_of_power, nicolae_vaults_apartment_2,
          nicolae_vaults_heart-shaped_vault, ontoclasm_vaults_chip,
          nicolae_vaults_heist, hangedman_vaults_trim, vaults_room_ringed_pool,
          nicolae_vaults_hallways_thing, nicolae_vaults_trapezoid_3, v_misc_10,
          v_misc_10, serial_ice_b, nicolae_vaults_asterisk,
          ontoclasm_vaults_decontamination, nicolae_vaults_trapezoid_2,
          layout_vaults_ring, serial_shops, nicolae_shop_hallway_stairs
Vaults:2: nicolae_vaults_shelves_hall, minmay_crypt_entry_nasty_monster,
          serial_ice_m, vaults_room_guarded_vault, v_misc_32, v_misc_17,
          nicolae_vaults_taking_the_gang_shopping,
          vaults_standard_mumra_enter_the_diamond, nicolae_vaults_prndl,
          hangedman_vaults_slice, nicolae_vaults_surprise_closet,
          layout_vaults_omnigrid, uniq_nikola
Vaults:3: nicolae_vaults_tangram_2, ontoclasm_vaults_echo, grunt_vaults_focal,
          vaults_standard_mumra_x, nicolae_vaults_trapezoid_lopsided_3,
          layout_vaults_big_room
Vaults:4: nicolae_vaults_steering_wheel, vaults_dpeg_ring,
          nicolae_vaults_tangram_2, nicolae_vaults_inception_scallops,
          nicolae_vaults_closet_pinwheel_4, grunt_vaults_hallway_short,
          ontoclasm_vaults_eye, vaults_room_grunt_arrival_checkpoint,
          nicolae_vaults_c_with_doors,
          nicolae_vaults_variable_pillar_hall_cross, grunt_vaults_hallway_short,
          ontoclasm_vaults_shuriken, nicolae_vaults_ring_of_whatevers,
          nicolae_vaults_tangram_1, vaults_mumra_minichess,
          layout_vaults_omnicross, serial_shops, shop
Vaults:5: serial_shops
Depths:1: layout_roguey, grunt_metal_band, zin_angel, grunt_decor_clamped,
          nicolae_specific_store, nicolae_ashenzari_panopticon,
          serial_bayou_shore_a, uniq_bai_suzhen
Depths:2: minmay_three_patterns, layout_long_grid, grunt_hell_entry_dis_old,
          pan_entry, serial_sigils_hangedman_scar
Depths:3: gammafunk_corrupted_shrine, layout_cave_pools, enter_ziggurat_d,
          hell_entry, abyss_entry_small_statue_room, dk_noncrumbling_2,
          serial_shops, nicolae_shop_window_shopping
Depths:4: grunt_bruiser_brothers, layout_basic, bh_walls_and_bars,
          gammafunk_ghost_crypt, pf_hell_entry_tar_river,
          minmay_mirror_moons_of_madness
Zot:1:    layout_misc_corridors, grunt_megastairs_5, uniq_parghit
Zot:2:    layout_twisted_circle, hangedman_zot_decor_tridents,
          hangedman_zot_decor_slant, uniq_vv
Zot:3:    layout_misc_corridors, st_stairs_4, st_single_dragon_hoard_4,
          grunt_megastairs_4
Zot:4:    layout_onion_interference
Zot:5:    layout_cellular_growth, grunt_megastairs_2

Skill      XL: |  1  2  3  4  5  6  7  8  9 10 11 12 13 14 15 16 17 18 19 20 21 22 23 24 25 26 |
---------------+-------------------------------------------------------------------------------+-----
Axes           | 4 5 6 8 9 11 14 17 19 20 27 | 27.0
Fighting       | 12 13 18 20 24 27 | 27.0
Armour         | 3 10 14 15 16 20 23 27 | 27.0
Dodging        | 7 10 13 16 20 | 20.0
Shields        | 10 15 20 21 23 | 23.8
Throwing       | 6 13 14 15 | 15.0
Stealth        | |  0.1

Action                     |  1- 3 |  4- 6 |  7- 9 | 10-12 | 13-15 | 16-18 | 19-21 | 22-24 | 25-27 || total
---------------------------+-------+-------+-------+-------+-------+-------+-------+-------+-------++-------
  Melee: Hand axe          |    70 |    70 |    72 |       |       |       |       |       |       ||   212
         Headbutt          |     6 |     9 |    22 |   109 |   314 |   262 |   321 |   463 |   237 ||  1743
         Punch             |     1 |     1 |     2 |       |       |       |       |       |       ||     4
         Battleaxe         |       |       |   107 |    23 |       |       |       |       |       ||   130
         Broad axe         |       |       |       |   268 |  1007 |   702 |       |       |       ||  1977
         Morningstar       |       |       |       |   209 |   176 |    14 |       |       |       ||   399
         Unarmed           |       |       |       |       |    12 |       |       |       |       ||    12
         Labrys            |       |       |       |       |       |   187 |  1025 |  1438 |   669 ||  3319
  Throw: Boomerang         |       |       |       |       |       |    34 |    54 |       |    17 ||   105
 Invoke: Berserk           |     1 |     3 |     2 |     8 |     5 |     3 |     5 |     4 |       ||    31
         Trog's Hand       |       |     1 |     1 |     2 |     1 |     1 |     6 |     3 |       ||    15
         Brothers in Arms  |       |       |       |       |       |     1 |     4 |     1 |       ||     6
  Evoke: Phantom mirror    |       |       |       |       |       |       |     1 |       |       ||     1
    Use: Scroll            |     5 |     8 |     1 |    11 |     7 |    15 |     2 |    10 |     5 ||    64
         Potion            |       |       |       |       |       |     1 |       |     3 |     5 ||     9
   Stab: Confused          |       |       |       |       |       |     1 |       |       |       ||     1
 Armour: Animal skin       |     6 |       |       |       |       |       |       |       |       ||     6
         Chain mail        |    17 |    20 |    62 |   285 |   314 |   243 |       |       |       ||   941
         Leather armour    |     3 |       |       |       |       |       |       |       |       ||     3
         Plate armour      |       |       |       |       |       |     2 |   310 |    24 |       ||   336
         Crystal plate arm |       |       |       |       |       |       |       |   407 |   306 ||   713
  Dodge: Dodged            |    44 |    35 |    92 |   254 |   519 |   410 |   316 |   495 |   294 ||  2459
  Block: Tower shield      |       |       |       |   361 |   905 |  1052 |  1084 |  1608 |  1030 ||  6040
         Reflection        |       |       |       |       |       |       |       |     4 |    20 ||    24
